AoeStats
← timmy_turner

Arabian Desert

510018866Analyzed
1v1 RM · 4d ago on Sep 29, 2026· 23m 37s· 2 players
Game mode
Random Map
Map size
Tiny (2 player)
Population
200
Speed
Normal
Resources
Standard
Victory
Conquest
Starting age
Dark Age
Ending age
Imperial Age
RankedLock teamsTeams togetherTeam positionsShared explorationLock speedFull tech treeHidden civsTurbo modeCheats
Victory
Defeat
🇺🇸 Vikings · United States
1543
+15
🇺🇸 Italians · United States
1514
-15
[VL] Rio_BlancoVER
6:46 Loom
9:13 Feudal Age
9:47 Double-Bit Axe
18:09 Fletching
18:22 Padded Archer Armor
24:17 Castle Age
timmy_turner
6:17 Loom
9:10 Feudal Age
9:21 Man-at-Arms
12:45 Fletching
15:31 Double-Bit Axe
15:27 Horse Collar
20:55 Castle Age
19:24 Gold Mining
19:45 Padded Archer Armor
20:43 Scale Barding Armor
21:58 Chain Barding Armor
22:41 Bow Saw
23:05 Heavy Plow
Connection lost

Rejoining the realm…

Still unreachable

The connection could not be restored.

Session expired

The server has moved on; the page needs a fresh start.